 Dungeon Crawl Stone Soup version 0.17-a0-1181-gabc46e6 (webtiles) character file.

522 Geomchi the Insei (level 7, -3/47 HPs)
             Began as an Octopode Transmuter on June 1, 2015.
             Slain by a sky beast (6 damage)
             ... on level 5 of the Dungeon.
             The game lasted 00:08:00 (6570 turns).

Geomchi the Insei (Octopode Transmuter)             Turns: 6570, Time: 00:08:00

Health: -3/47      AC:  1    Str:  9    XL:     7   Next: 22%
Magic:  10/10      EV: 14    Int: 15    God:
Gold:   190        SH:  0    Dex: 15    Spells: 2 memorised, 6 levels left

rFire  . . .     SeeInvis .       - Unarmed
rCold  . . .     Clarity  .     (no shield)
rNeg   . . .     SustAt   .     (helmet restricted)
rPois  .         Gourm    .     (no amulet)
rElec  .         Spirit   .     v - ring of invisibility
rCorr  .         Warding  .     (no ring)
rMut   .         Stasis   .     (no ring)
MR     .....                    (no ring)
Stlth  ++........               (no ring)
                                (no ring)
                                (no ring)
                                (no ring)

@: not resistant to hostile enchantments, unstealthy
A: almost no armour, amphibious, 8 rings, constrict 8, camouflage 1, gelatinous
body 1
a: Evoke Invisibility


You were on level 5 of the Dungeon.
You were near starving.

You visited 1 branch of the dungeon, and saw 5 of its levels.

You collected 190 gold pieces.

Inventory:

Jewellery
 v - a ring of invisibility (left tentacle)
Magical devices
 u - a wand of confusion (27)
 y - a wand of slowing (22)
Scrolls
 a - a scroll of amnesia {unknown}
 d - 3 scrolls of teleportation {unknown}
 e - a scroll of blinking {unknown}
 h - 4 scrolls of remove curse {unknown}
 i - a scroll of fear {unknown}
 j - 4 scrolls of identify {unknown}
 k - 2 scrolls of fog {unknown}
 l - a scroll of enchant armour {unknown}
 p - a scroll of noise {unknown}
 s - 4 scrolls of enchant weapon {unknown}
Potions
 m - 3 potions of flight {unknown}
 n - a potion of heal wounds {unknown}
 o - a potion of beneficial mutation {unknown}
 r - a potion of might {unknown}
 t - a potion of cancellation {unknown}
 w - a potion of lignification {unknown}
 x - a potion of haste {unknown}
Books
 b - a book of Changes

   Spells                             Type                      Level
   a - Beastly Appendage              Transmutation                1
   b - Sticks to Snakes               Transmutation                2
   c - Spider Form                    Transmutation/Poison         3
   d - Ice Form                       Ice/Transmutation            4
   e - Blade Hands                    Transmutation                5
Comestibles
 c - 8 bread rations {@e1}
 f - 3 meat rations {@e2}
 g - 3 beef jerkies


   Skills:
 + Level 3.9 Fighting
 * Level 3.7 Dodging
 - Level 6.1 Unarmed Combat
 - Level 2.0 Spellcasting
 - Level 2.0 Transmutations


You had 6 spell levels left.
You knew the following spells:

 Your Spells              Type           Power        Failure   Level  Hunger
a - Beastly Appendage     Trmt           #.....       12%         1    #......
b - Spider Form           Trmt/Pois      #.........   43%         3    ###....


Dungeon Overview and Level Annotations

Branches:
Dungeon (5/15)
 Temple: D:4-7

Altars:

Shops:
D:4 %


Innate Abilities, Weirdness & Mutations

You cannot wear most types of armour.
You are amphibious.
You can wear up to eight rings at the same time.
You can use your tentacles to constrict eight enemies at once.
Your skin changes colour to match your surroundings (Stealth).
Your rubbery body absorbs attacks (AC +1).


Message History

Something shocks you.
* * * LOW HITPOINT WARNING * * *
You take 8 damage, and have 2/47 hp.
Your tentacle spike disappears.
Found 21 stones.
A sky beast appears from thin air!
Reactivating autopickup.
There is an open door here.
There is an open door here.
Okay, then.
Unknown command.
The sky beast flickers out of sight!
Deactivating autopickup; reactivate with Ctrl-A.
You see here a spear.
A rat comes into view.
There is an open door here.
Something hits you.
* * * LOW HITPOINT WARNING * * *
Something shocks you.
You die...

#.##.# #.#### ##.##'#####....#
.#.#......#....# .#.#......#....#
.#.#......#.#### ###############
'#'#......#.# #.............#
..........#.# #.............#
....)..####.#######.............#
.......#...>....@.'....)........'
.......#.##.####.##.............#
.......#.##.# #.##.............#
.......#.##.# #.##........######
.......#.##.####.##........#
+#'##..........#.##r.......######
<#.##..#.##......................
.#.##..#.... .#.################
.+.##..###... #.#


There were no monsters in sight!

Vanquished Creatures
  Duvessa (D:4)
  Dowan (D:4)
  2 crimson imps
  A centaur skeleton (D:4)
  2 hounds (D:4)
  An orc priest (D:4)
  Natasha (thrice) (D:3)
  Robin (D:3)
  A gnoll (D:3)
  4 adders
  2 oozes (D:1)
  An adder skeleton (D:5)
  3 worms
  2 giant geckos (D:2)
  5 orcs
  6 giant cockroaches
  12 hobgoblins
  6 kobolds
  2 quokkas
  8 bats
  A giant gecko skeleton (D:4)
  6 giant newts
  22 goblins
  5 jackals
  13 rats
111 creatures vanquished.

Notes
Turn   | Place    | Note
--------------------------------------------------------------
     0 | D:1      | Geomchi the Octopode Transmuter began the quest for the Orb.
     0 | D:1      | Reached XP level 1. HP: 13/13 MP: 3/3
   199 | D:1      | Reached XP level 2. HP: 18/18 MP: 3/5
   867 | D:1      | Reached skill level 4 in Unarmed Combat
  1040 | D:1      | Reached XP level 3. HP: 20/23 MP: 6/6
  2090 | D:2      | Reached XP level 4. HP: 12/28 MP: 7/7
  2810 | D:3      | Reached skill level 5 in Unarmed Combat
  2824 | D:3      | Noticed Natasha
  2842 | D:3      | Killed Natasha
  2874 | D:3      | Noticed Natasha
  2990 | D:3      | Killed Natasha
  2990 | D:3      | Reached XP level 5. HP: 22/33 MP: 6/8
  3122 | D:3      | Noticed Natasha
  3148 | D:3      | Killed Natasha
  3341 | D:3      | Noticed Robin
  3364 | D:3      | Killed Robin
  3394 | D:3      | HP: 1/33 [goblin/club[Robin] (5)]
  3960 | D:2      | Learned a level 3 spell: Spider Form
  4461 | D:4      | Reached skill level 6 in Unarmed Combat
  4575 | D:4      | Reached XP level 6. HP: 33/41 MP: 7/9
  5535 | D:4      | Noticed Duvessa
  5535 | D:4      | Noticed Dowan
  5545 | D:4      | Killed Duvessa
  5558 | D:4      | Killed Dowan
  5558 | D:4      | Reached XP level 7. HP: 13/47 MP: 8/10
  5895 | D:4      | Found Idghylas's Food Shop.
  6130 | D:5      | Entered Level 5 of the Dungeon
  6530 | D:5      | HP: 2/47 [something (5)]
  6570 | D:5      | Slain by a sky beast

Vault maps used:
D:1:      dpeg_arrival_round_b, hangedman_decor_points
D:3:      minmay_quantized, uniq_robin, uniq_natasha
D:4:      serial_shops, nicolae_shop_waterfront, first_bread, uniq_duvessa
D:5:      yredelemnul_altar_generic

Action                   |  1- 3 |  4- 6 |  7- 9 || total
-------------------------+-------+-------+-------++-------
Melee: Unarmed           |   102 |   142 |    29 ||   273
 Cast: Beastly Appendage |    12 |    17 |     2 ||    31
       Spider Form       |       |     2 |       ||     2
 Stab: Sleeping          |     5 |     3 |     3 ||    11
       Distracted        |       |     1 |       ||     1
  Eat: Chunk             |     4 |     9 |     2 ||    15
       Fruit             |       |     1 |     1 ||     2
